 Dungeon Crawl Stone Soup version 0.27-a0-1378-gdefffd1ff6 (webtiles) character file.

Game seed: 1201808248764336680

13123 Brandom the Grappler (level 11, -6/117 HPs)
             Began as a Troll Delver on June 29, 2021.
             Was a High Priest of Yredelemnul.
             Mangled by a wraith (11 damage)
             ... led by Josephine
             ... on level 2 of the Orcish Mines.
             The game lasted 00:39:28 (10444 turns).

Brandom the Grappler (Troll Delver)                Turns: 10444, Time: 00:39:29

Health: -6/117     AC: -12   Str: 28      XL:     11   Next: 71%
Magic:  15/15      EV: 12    Int:  5 (6)  God:    Yredelemnul [*****.]
Gold:   896        SH:  0    Dex: 13 (16) Spells: 10/10 levels left

rFire    . . .     SeeInvis +     - Unarmed
rCold    + . .     Faith    .   (no shield)
rNeg     . . .     Spirit   .   y - +0 acid dragon scales
rPois    .         Reflect  .   (helmet restricted)
rElec    .         Harm     .   (no cloak)
rCorr    +         Rampage  .   (gloves unavailable)
Will     .....     Rnd*Tele +   (boots unavailable)
Stlth    ++........             (no amulet)
HPRegen  1.29/turn              z - ring of see invisible
MPRegen  0.14/turn              q - +6 ring of strength

@: corroded, unable to read, slowed, very slow
A: large, unfitting armour, claws 3, regeneration 1, shaggy fur 1, tough skin 1,
agile 1, cold resistance 1, deterioration 1, teleportitis 1, inability to read
while threatened, MP-powered wands, sturdy frame 1
a: Renounce Religion, Recall Undead Slaves, Injury Mirror, Animate Dead, Drain
Life, Enslave Soul


You were on level 2 of the Orcish Mines.
You worshipped Yredelemnul.
Yredelemnul was extremely pleased with you.
You visited 3 branches of the dungeon, and saw 12 of its levels.

You collected 1136 gold pieces.
You spent 240 gold pieces at shops.

Inventory:

Missiles
 D - 20 poisoned darts (quivered)
 H - 9 curare-tipped darts {!f}
Armour
 a - a +0 robe
 y - +0 acid dragon scales (worn)
   (You found it on level 6 of the Dungeon)
 G - a +0 hat
   (You found it on level 7 of the Dungeon)
Jewellery
 q - a +6 ring of strength (right claw)
   (You found it on level 6 of the Dungeon)
 w - a ring of magical power
   (You found it on level 5 of the Dungeon)
 x - a ring of ice
   (You found it on level 5 of the Dungeon)
 z - a ring of see invisible (left claw)
   (You found it on level 1 of the Dungeon)
 I - a ring of willpower
   (You found it on level 7 of the Dungeon)
 M - a +6 ring of dexterity
   (You found it on level 8 of the Dungeon)
Wands
 d - a wand of iceblast (13)
   (You found it on level 6 of the Dungeon)
 f - a wand of charming (5)
   (You found it on level 5 of the Dungeon)
 t - a wand of flame (4)
   (You found it on level 3 of the Dungeon)
 v - a wand of digging (2)
 K - a wand of mindburst (9)
   (You found it on level 8 of the Dungeon)
 L - a wand of polymorph (8)
   (You found it on level 8 of the Dungeon)
Scrolls
 b - 4 scrolls of fog
 c - 2 scrolls of magic mapping
 g - 2 scrolls of noise {unknown}
 i - 9 scrolls of identify {unknown}
 k - 2 scrolls of blinking {unknown}
 l - 3 scrolls of enchant armour {unknown}
 m - 3 scrolls of enchant weapon {unknown}
 n - 2 scrolls of amnesia {unknown}
 o - a scroll of brand weapon {unknown}
 p - 2 scrolls of vulnerability {!r}
 s - 2 scrolls of holy word {unknown}
 u - 2 scrolls of teleportation {unknown}
 B - 2 scrolls of fear
 E - a scroll of summoning {unknown}
Potions
 e - a potion of degeneration {!q}
 h - 2 potions of curing {@q1}
 j - a potion of lignification {!q}
 r - a potion of resistance {unknown}
 A - a potion of brilliance
 C - a potion of invisibility
 F - a potion of haste {@q3}
 J - a potion of magic {unknown}
 N - a potion of attraction {unknown}
 O - a potion of cancellation {unknown}


   Skills:
 * Level 9.7 Fighting
 + Level 6.6 Dodging
 - Level 2.7 Stealth
 * Level 11.2 Unarmed Combat
 + Level 6.8 Invocations


You had 10 spell levels left.
You didn't know any spells.
Your spell library contained the following spells:

 Spells                   Type           Power      Damage    Failure   Level
 Animate Skeleton         Necr           0%         N/A       50%         1
 Apportation              Tloc           0%         N/A       50%         1
 Beastly Appendage        Tmut           0%         N/A       50%         1
 Corona                   Hex            0%         N/A       50%         1
 Freeze                   Ice            0%         1d3       50%         1
 Magic Dart               Conj           0%         1d3       50%         1
 Pain                     Necr           0%         1d4       50%         1
 Shock                    Conj/Air       0%         1d3       50%         1
 Blink                    Tloc           N/A        N/A       65%         2
 Call Imp                 Summ           0%         N/A       65%         2
 Ensorcelled Hibernation  Hex/Ice        0%         N/A       65%         2
 Slow                     Hex            0%         N/A       65%         2
 Static Discharge         Conj/Air       0%         N/A       65%         2
 Wereblood                Tmut           0%         N/A       65%         2
 Confusing Touch          Hex            0%         N/A       86%         3
 Conjure Flame            Conj/Fire      0%         6-21      86%         3
 Dazzling Flash           Conj/Hex       0%         N/A       86%         3
 Frozen Ramparts          Ice            0%         1d2       86%         3
 Mephitic Cloud           Conj/Pois/Air  0%         N/A       86%         3
 Ozocubu's Armour         Ice            0%         N/A       86%         3
 Spider Form              Tmut/Pois      0%         N/A       86%         3
 Swiftness                Air            0%         N/A       86%         3
 Tukima's Dance           Hex            0%         N/A       86%         3
 Vampiric Draining        Necr           0%         2d6       86%         3
 Airstrike                Air            0%         N/A       99%         4
 Animate Dead             Necr           0%         N/A       99%         4
 Hailstorm                Conj/Ice       0%         3d3       99%         4
 Ice Form                 Ice/Tmut       0%         N/A       99%         4
 Agony                    Necr           0%         N/A       100%        5
 Lightning Bolt           Conj/Air       0%         1d11      100%        5
 Metabolic Englaciation   Hex/Ice        0%         N/A       100%        5


Dungeon Overview and Level Annotations

Branches:
Dungeon (9/15)             Temple (1/1) D:5             Orc (2/2) D:9
    Elf (0/3) Orc:2
   Lair: D:8-11

Altars:
Elyvilon
Gozag
Makhleb
Qazlal
Trog
Uskayaw
Wu Jian
Xom
Yredelemnul
Zin
The Shining One
Beogh

Shops:
D:6 (([!(   D:8 :

Annotations:
D:6 1 runed translucent door


Innate Abilities, Weirdness & Mutations

You are too large for most types of armour.
You have claws for hands.
Your natural rate of healing is unusually fast.
You are covered in fur. (AC +1)
You have tough skin. (AC +1)
You are agile. (Dex +2)
Your flesh is cold resistant. (rC+)
Your body sometimes deteriorates upon taking damage.
You are occasionally teleported next to monsters.
You sometimes lose the ability to read scrolls when taking damage.
You expend magic power (3 MP) to strengthen your wands.
Your movements are slightly less encumbered by armour. (ER -2)


Message History

Your orc zombie hits the orc sorcerer but does no damage.
Unknown command.
The orange demon closely misses your wraith.
The orange demon barely misses your wraith.
Your orc warrior zombie barely misses the two-headed ogre.
Your orc warrior zombie hits the wraith with a +0 war axe.
The orange demon barely misses your wraith.
The orange demon hits your wraith.
Your wraith looks weaker.
Your orc zombie hits the two-headed ogre with a +0 club.
The orange demon barely misses your wraith.
The orange demon hits your wraith. The wraith hits you!
You feel threatened and lose the ability to read scrolls!
* * * LOW HITPOINT WARNING * * *
The wraith drains your vigour!
You feel as though you will be slow longer.
The two-headed ogre hits your orc zombie with a +0 giant club!!
Your orc zombie is destroyed!
The cyclops throws a large rock.
The large rock hits your orc zombie!!!
Your orc zombie is destroyed!
Your orc warrior zombie hits the two-headed ogre with a +0 war axe!
Your orc warrior zombie completely misses the wraith.
The rust devil hits you.
* * * LOW HITPOINT WARNING * * *
The rust devil corrodes you!
You see here 9 gold pieces.
Okay, then.
The orc sorcerer mumbles some strange words.
The orc sorcerer's hands start to glow.
The orange demon stings your wraith!
Your wraith is destroyed!
Your orc warrior zombie hits the orc sorcerer with a +0 war axe.
Your orc warrior zombie closely misses the orc sorcerer.
Unknown command.
The wraith hits you!
* * * LOW HITPOINT WARNING * * *
The wraith drains your vigour!
You feel as though you will be slow longer.
Your orc warrior zombie completely misses the orc sorcerer.
The orc sorcerer casts a spell at you.
The bolt of negative energy hits the wraith.
The wraith completely resists.
The bolt of negative energy misses you.
You feel better.
You can read scrolls again.
The rust devil hits you!
* * * LOW HITPOINT WARNING * * *
The wraith hits you!
You feel threatened and lose the ability to read scrolls!
You die...
Your body rises from the dead as a mindless zombie.

#...##............##
##.##.............##
...>..........Z.<.#
.....#......Z.#.##
##.###......###..##
#####....Z..#....## #
#.....#.........#
#.###.....#........##
........@##........#
#.....O4W#####........
#......o.............
####...ZZ........##.##
#...44.......## ##
#...))).....##
#...)C....##.
#......).##
##.#.......#


You could see a two-headed ogre, 2 orange demons, a cyclops, a rust devil
(summoned), a wraith, an orc sorcerer (ally target) and 2 friendly orc warrior
zombies.

Vanquished Creatures
  Josephine (Orc:2)
  A two-headed ogre (Orc:1)
  Pikel (D:6)
  Joseph (D:8)
  2 trolls (Orc:1)
  A hornet (D:7)
  4 slime creatures (D:7)
  3 centaurs
  8 yaks
  7 orc warriors
  A black bear (D:6)
  5 ogres
  3 necrophages
  2 phantoms
  4 kobold brigands
  4 gnoll sergeants
  7 scorpions (D:6)
  A water moccasin zombie (D:6)
  2 bullfrogs
  2 wyvern skeletons
  12 killer bees
  A howler monkey (D:6)
  10 hounds
  3 centaur zombies
  A gnoll shaman (D:8)
  8 orc priests
  A scorpion zombie (D:5)
  15 orc wizards
  A hound skeleton (D:4)
  A howler monkey skeleton (D:6)
  6 adders
  21 gnolls
  2 shadow imps
  A white imp (D:7)
  An ufetubus (D:3)
  2 worms
  43 orcs
  8 bats
  5 endoplasms
  A giant cockroach (D:3)
  6 goblins
  4 hobgoblins
  6 jackals
  10 kobolds
  6 quokkas
  5 ball pythons
  5 frilled lizards
  7 rats
252 creatures vanquished.

Vanquished Creatures (collateral kills)
  The ghost of PeterLawrence the Basher, a novice MiFi of Okawaru (D:9)
  A two-headed ogre (Orc:1)
  A cyclops (Orc:1)
  2 trolls
  5 yaks
  2 wraiths (Orc:2)
  A warg (Orc:2)
  An ice beast (D:6)
  9 orc warriors
  A sky beast (D:6)
  An ogre (Orc:1)
  A phantom (D:3)
  A kobold brigand (D:9)
  A gnoll sergeant (D:9)
  3 scorpions (D:6)
  An electric eel (D:8)
  A centaur zombie (D:7)
  5 orc priests
  A gnoll shaman (D:5)
  An iguana (D:4)
  3 orc wizards
  A gnoll (D:5)
  An adder (D:4)
  An ufetubus (D:4)
  15 orcs
  2 giant cockroaches (D:6)
  2 butterflies (D:6)
65 creatures vanquished.

Vanquished Creatures (others)
  An acid dragon (D:6)
  7 flying skulls
  A wraith (Orc:2)
  A gnoll (D:4)
  A bullfrog zombie (D:7)
  A centaur zombie (D:6)
  An orc (Orc:1)
  An acid dragon zombie (D:6)
  2 bat zombies (D:3)
  11 gnoll zombies
  A goblin zombie (D:4)
  2 hound zombies
  2 killer bee zombies
  3 kobold zombies
  A necrophage skeleton (D:7)
  4 ogre zombies
  28 orc zombies
  2 quokka zombies
  A scorpion zombie (D:6)
  2 yak zombies (D:9)
  6 plants (D:3)
79 creatures vanquished.

Grand Total: 396 creatures vanquished

Notes
Turn   | Place    | Note
-------+----------+-------------------------------------------
     0 | D:5      | Brandom the Troll Delver began the quest for the Orb.
     0 | D:5      | Reached XP level 1. HP: 22/22 MP: 0/0
    55 | D:5      | Found a basalt altar of Yredelemnul.
    60 | D:5      | Noticed an orc wizard
    63 | D:5      | Became a worshipper of Yredelemnul the Dark
   102 | D:5      | Noticed a phantom
   130 | D:5      | Noticed a gnoll shaman
   132 | D:5      | Noticed a hound
   159 | D:5      | Found a bloodstained altar of Trog.
   165 | D:5      | Got the Almanac of Retrieval
   188 | D:5      | Noticed an orc warrior
   195 | D:5      | Found a staircase to the Ecumenical Temple.
   232 | D:4      | Reached XP level 2. HP: 20/29 MP: 1/1
   324 | D:1      | Found a faded altar of an unknown god.
   483 | D:1      | Reached XP level 3. HP: 36/36 MP: 2/2
  1151 | D:2      | Reached * piety under Yredelemnul
  1229 | D:2      | Reached skill level 3 in Unarmed Combat
  1269 | D:2      | Reached XP level 4. HP: 32/45 MP: 0/3
  2073 | D:3      | You fall into a shaft and drop 2 floors!
  2154 | D:3      | Found a stormy altar of Qazlal.
  2530 | D:3      | Noticed a phantom
  2536 | D:3      | Killed a phantom
  2537 | D:3      | Reached skill level 1 in Invocations
  2537 | D:3      | Reached XP level 5. HP: 45/53 MP: 4/4
  2861 | D:4      | Reached skill level 4 in Unarmed Combat
  3011 | D:4      | Noticed an ogre
  3018 | D:4      | Killed an ogre
  3019 | D:4      | Reached XP level 6. HP: 50/62 MP: 4/6
  3131 | D:4      | Found a white marble altar of Elyvilon.
  3478 | D:5      | Reached ** piety under Yredelemnul
  3479 | D:5      | Reached XP level 7. HP: 62/71 MP: 7/7
  3535 | D:4      | Reached skill level 5 in Unarmed Combat
  3937 | D:5      | Reached skill level 5 in Fighting
  4059 | Temple   | Entered the Ecumenical Temple
  4063 | Temple   | Reached XP level 8. HP: 39/80 MP: 9/9
  4289 | D:5      | Reached skill level 6 in Unarmed Combat
  4731 | D:6      | Found Weuxtal's Distillery.
  4732 | D:6      | Found Plog's Weapon Shop.
  4741 | D:6      | Bought a potion of mutation for 80 gold pieces
  4741 | D:6      | Gained mutation: Your magical capacity is low. (-10% MP)
                  | [potion of mutation]
  4741 | D:6      | Gained mutation: You have large cloven feet. [potion of
                  | mutation]
  4742 | D:6      | Lost mutation: Your magical capacity is low. (-10% MP)
                  | [potion of mutation]
  4742 | D:6      | Lost mutation: You have large cloven feet. [potion of
                  | mutation]
  4742 | D:6      | Gained mutation: Your muscles are strong. (Str +2) [potion
                  | of mutation]
  4742 | D:6      | Lost mutation: Your muscles are strong. (Str +2) [potion of
                  | mutation]
  4742 | D:6      | Gained mutation: Your body sometimes deteriorates upon
                  | taking damage. [potion of mutation]
  4743 | D:6      | Bought a potion of mutation for 80 gold pieces
  4743 | D:6      | Lost mutation: Your body sometimes deteriorates upon taking
                  | damage. [potion of mutation]
  4743 | D:6      | Gained mutation: You possess an exceptional clarity of
                  | mind. [potion of mutation]
  4743 | D:6      | Gained mutation: Your body sometimes deteriorates upon
                  | taking damage. [potion of mutation]
  4758 | D:6      | Found a burning altar of Makhleb.
  4798 | D:6      | Found Ivill's Armour Emporium.
  4816 | D:6      | Noticed Pikel
  4834 | D:6      | Killed Pikel
  4835 | D:6      | Reached skill level 7 in Unarmed Combat
  4835 | D:6      | Reached XP level 9. HP: 36/89 MP: 10/10
  4975 | D:6      | Found a runed translucent door.
  4977 | D:6      | Found a runed translucent door.
  4990 | D:6      | Reached *** piety under Yredelemnul
  5124 | D:6      | Found Ychuug's Weapon Emporium.
  5153 | D:6      | Found Sati's Weapon Emporium.
  5321 | D:6      | Reached skill level 8 in Unarmed Combat
  5427 | D:7      | Lost mutation: You possess an exceptional clarity of mind.
                  | [potion of mutation]
  5427 | D:7      | Gained mutation: You are strong-willed. (Will+) [potion of
                  | mutation]
  5427 | D:7      | Gained mutation: You are occasionally teleported next to
                  | monsters. [potion of mutation]
  5427 | D:7      | Gained mutation: Your mind is acute. (Int +2) [potion of
                  | mutation]
  5427 | D:7      | Gained mutation: Your movements are slightly less
                  | encumbered by armour. (ER -2) [potion of mutation]
  5598 | D:7      | Paralysed by a hornet for 3 turns
  5788 | D:7      | Reached skill level 5 in Dodging
  5848 | D:7      | Killed a large slime creature
  5849 | D:7      | Reached XP level 10. HP: 64/102 MP: 12/12
  5851 | D:7      | Received a gift from Yredelemnul (5 flying skulls)
  5852 | D:7      | Reached skill level 5 in Invocations
  6136 | D:7      | Reached skill level 9 in Unarmed Combat
  6645 | D:6      | Bought a potion of mutation for 80 gold pieces
  6645 | D:6      | Lost mutation: You are strong-willed. (Will+) [potion of
                  | mutation]
  6645 | D:6      | Lost mutation: Your mind is acute. (Int +2) [potion of
                  | mutation]
  6645 | D:6      | Gained mutation: You sometimes lose the ability to read
                  | scrolls when taking damage. [potion of mutation]
  6645 | D:6      | Gained mutation: You expend magic power (3 MP) to
                  | strengthen your wands. [potion of mutation]
  6645 | D:6      | Gained mutation: You are agile. (Dex +2) [potion of
                  | mutation]
  6645 | D:6      | Gained mutation: Your flesh is cold resistant. (rC+)
                  | [potion of mutation]
  6815 | D:8      | Noticed Joseph
  6823 | D:8      | Killed Joseph
  6840 | D:8      | Found a glowing golden altar of the Shining One.
  7222 | D:8      | Found an opulent altar of Gozag.
  7378 | D:8      | Found Inuics's Book Emporium.
  7879 | D:8      | Identified the +8 hand crossbow of Qasooliz {speed, rElec
                  | Str+3 Stlth+}
  7978 | D:9      | Reached **** piety under Yredelemnul
  8039 | D:9      | Found a hide-covered altar of Uskayaw.
  8043 | D:9      | Found a glowing silver altar of Zin.
  8129 | D:9      | Reached skill level 10 in Unarmed Combat
  8195 | D:9      | Found a runed translucent door.
  8234 | D:9      | Noticed PeterLawrence's ghost (novice MiFi)
  8245 | D:9      | Killed PeterLawrence's ghost
  8246 | D:9      | Reached XP level 11. HP: 93/113 MP: 14/14
  8605 | D:9      | Found a staircase to the Orcish Mines.
  9236 | Orc:1    | Entered Level 1 of the Orcish Mines
  9237 | Orc:1    | Noticed a two-headed ogre
  9399 | Orc:1    | Received a gift from Yredelemnul (2 flying skulls)
  9741 | Orc:1    | Noticed a two-headed ogre
  9745 | Orc:1    | Killed a two-headed ogre
  9748 | Orc:1    | Killed a two-headed ogre
  9752 | Orc:1    | Reached ***** piety under Yredelemnul
  9977 | Orc:1    | Found a shimmering altar of Xom.
 10127 | Orc:2    | Entered Level 2 of the Orcish Mines
 10292 | Orc:2    | Reached skill level 11 in Unarmed Combat
 10293 | Orc:2    | Received a gift from Yredelemnul (a wraith)
 10385 | Orc:2    | Found a staircase to the Elven Halls.
 10426 | Orc:2    | Noticed Josephine
 10428 | Orc:2    | Noticed a two-headed ogre
 10430 | Orc:2    | Noticed an orc sorcerer
 10436 | Orc:2    | Killed Josephine
 10443 | Orc:2    | HP: 5/117 [wraith[Josephine] (13)]
 10444 | Orc:2    | Mangled by a wraith

Illustrated notes

Levels and vault maps discovered:
D:1:      arrival_zaba_pyramid, layout_basic, shapermc_ecumenical_altar_venn,
          minmay_heptomino_d4
D:2:      layout_loops_ring, minmay_circle_x
D:3:      layout_basic, lemuel_tele_altar, chequers_big_river,
          interstate_on_off, dk_noncrumbling_4, minivault_19, minivault_27
D:4:      layout_rooms, kennysheep_mini_moat
D:5:      layout_cave_pools, trog_book, nicolae_overflow_hidden_temple,
          minmay_temple_entry_ruins, serial_gnoll_camp, gnoll_camp_mini_basic,
          gnoll_camp_mini_house, gnoll_camp_huts_basic, gnoll_camp_mini_hut,
          gnoll_camp_mini_doghouse
D:6:      lemuel_insect_pit, layout_rooms, makhleb_heckhound_becter,
          serial_shops, nicolae_shop_stone, shop, shop, shop, shop, uniq_pikel
D:7:      layout_basic
D:8:      layout_loops_ring, nicolae_tso_swordbearing_angel,
          amcnicky_altar_gilded, serial_shops, nicolae_lakefront_shop,
          nrook_pool_corridor, uniq_joseph
D:9:      layout_irregular_city, grunt_temple_overflow_open,
          kennysheep_orc_monster_closet_entryway, ebering_ghost_reflecting_pool
Temple:   compressed_dpeg_triangle_lava_temple
Orc:1:    layout_caves, lemuel_statue_altar, david_defended_altar_orc
Orc:2:    kennysheep_orc_mage_school, layout_diamond_mine, uniq_josephine

Skill      XL: |  1  2  3  4  5  6  7  8  9 10 11 |
---------------+----------------------------------+-----
Dodging        | 2 3 4 5 6 |  6.6
Fighting       | 3 4 5 6 7 8 9 |  9.7
Unarmed Combat | 3 4 5 7 8 10 11 | 11.2
Invocations    | 1 2 3 4 6 |  6.8
Stealth        | |  2.7

Action                   |  1- 3 |  4- 6 |  7- 9 | 10-12 || total
-------------------------+-------+-------+-------+-------++-------
Melee: Unarmed           |   108 |   129 |   277 |   298 ||   812
       Punch             |       |     2 |     9 |    28 ||    39
Invok: Animate Remains   |     1 |    20 |    22 |       ||    43
       Recall Undead Sla |       |       |     3 |     1 ||     4
       Animate Dead      |       |       |    12 |    60 ||    72
Evoke: Wand              |     3 |       |    19 |     5 ||    27
  Use: Scroll            |     1 |       |       |     1 ||     2
       Potion            |       |       |     5 |     7 ||    12
 Stab: Sleeping          |     5 |     4 |     2 |     2 ||    13
       Distracted        |       |     1 |       |     2 ||     3
Armor: Robe              |    67 |    34 |    66 |       ||   167
       Acid dragon scale |       |       |    18 |    66 ||    84
       Skin              |       |       |       |     9 ||     9
Dodge: Dodged            |    91 |    53 |   195 |   155 ||   494

Table legend: (Time is in decaauts)
 A = Elapsed time spent in this place.
 B = Non-inter-level travel time spent in this place.
 C = Inter-level travel time spent in this place.
 D = Time resting spent in this place.
 E = Time spent auto-exploring this place.
 F = Levels seen in this place.
 G = Mean time per level.
                   A        B        C        D        E       F      G
               +--------+--------+--------+--------+--------+-----+--------+
         Total |  10360 |   9875 |    485 |    690 |   6809 |  12 |  863.3 |
       Dungeon |   9088 |   8615 |    473 |    435 |   6103 |   9 | 1009.8 |
        Temple |     79 |     79 |      0 |     53 |      0 |   1 |   79.0 |
  Orcish Mines |   1192 |   1180 |     12 |    202 |    706 |   2 |  596.0 |
               +--------+--------+--------+--------+--------+-----+--------+

Top non-repeatable levels by time:
     D:9: 1324 daAuts
     D:7: 1196 daAuts
     D:8: 1147 daAuts
     D:3: 1144 daAuts
     D:5: 1126 daAuts
   Orc:1: 978 daAuts
     D:4: 822 daAuts
     D:1: 818 daAuts
     D:6: 799 daAuts
     D:2: 708 daAuts
   Orc:2: 213 daAuts
  Temple: 79 daAuts
